 Dungeon Crawl Stone Soup version 0.24.0-13-gcf9b3192b9 (console) character file.

Game seed: 14704526451027549991, levelgen mode: deterministic

186 AlterAsc the Changer (level 5, -2/40 HPs)
             Began as a Draconian Transmuter on Nov 9, 2019.
             Slain by a river rat (5 damage)
             ... in a sewer.
             The game lasted 00:06:41 (4124 turns).

AlterAsc the Changer (Draconian Transmuter)         Turns: 4124, Time: 00:06:41

Health: -2/40      AC:  6    Str: 14    XL:     5   Next: 38%
Magic:  10/10      EV: 12    Int: 13    God:
Gold:   111        SH:  0    Dex: 11    Spells: 7/10 levels left

rFire    + . .     SeeInvis .     - Unarmed
rCold    . . .     Gourm    .   (no shield)
rNeg     . . .     Faith    .   (armour unavailable)
rPois    .         Spirit   .   (helmet restricted)
rElec    .         Reflect  .   (no cloak)
rCorr    .         Harm     .   (no gloves)
MR       .....                  p - +0 pair of boots
Stlth    +.........             (no amulet)
HPRegen  0.13/turn              q - ring of protection from fire
MPRegen  0.12/turn              (no ring)

@: no status effects
A: unfitting armour, cold-blooded, AC +5
a: no special abilities


You were in a sewer.
You were not hungry.

You visited 1 branch of the dungeon, and saw 3 of its levels.
You also visited: Sewer.

You collected 111 gold pieces.

Inventory:

Missiles
 a - 25 arrows
 i - 17 poisoned darts (quivered)
Armour
 p - a +0 pair of boots (worn)
Jewellery
 m - an uncursed ring of ice
 q - a ring of protection from fire (left hand)
Wands
 s - a wand of flame (15)
Scrolls
 b - 2 scrolls of fog {unknown}
 f - a scroll of remove curse {unknown}
 g - 3 scrolls of identify {unknown}
 h - a scroll of magic mapping {unknown}
 l - 2 scrolls of fear {unknown}
 r - a scroll of enchant weapon {unknown}
 u - a scroll of immolation {unknown}
Potions
 d - a potion of resistance {unknown}
 e - 5 potions of curing {unknown}
 j - 3 potions of might {unknown}
 k - a potion of lignification {unknown}
 n - a potion of flight {unknown}
 t - 2 potions of agility {unknown}
Comestibles
 c - 2 rations
 o - 2 chunks of flesh


   Skills:
 - Level 1.1 Fighting
 - Level 1.8 Dodging
 - Level 3.0 Unarmed Combat
 + Level 3.3 Spellcasting
 * Level 4.7 Transmutations


You had 7 spell levels left.
You knew the following spells:

 Your Spells              Type           Power        Failure   Level  Hunger
a - Beastly Appendage     Tmut           ##....       3%          1    #......
b - Sticks to Snakes      Tmut           ##......     4%          2    ##.....

Your spell library contained the following spells:

 Spells                   Type           Power        Failure   Level  Hunger
 Spider Form              Tmut/Pois      #.........   26%         3    ###....
 Ice Form                 Ice/Tmut       #.......     63%         4    #####..
 Blade Hands              Tmut           ##........   65%         5    ######.


Dungeon Overview and Level Annotations

Branches:
Dungeon (3/15)              Sewer (1/1)

Altars:
Okawaru
Uskayaw


Innate Abilities, Weirdness & Mutations

Your plain brown scales are hard. (AC +5)
You cannot fit into any form of body armour.
You are cold-blooded and may be slowed by cold attacks.


Message History

The river rat misses you.
There is nothing on the other side of the stone arch.
You barely miss the river rat.
The river rat is moderately wounded.
The river rat bites you.
* * * LOW HITPOINT WARNING * * *
You hit the river rat but do no damage.
The river rat is moderately wounded.
Press: ? - help, v - describe, . - travel, g - get item
Here: a river rat (moderately wounded)
A rat skeleton.
There is something else lying underneath.
The floor, spattered with blood.
You closely miss the river rat.
The river rat is moderately wounded.
The river rat completely misses you.
You completely miss the river rat.
The river rat is moderately wounded.
The river rat bites you.
You die...

##.....≈≈≈≈≈≈
#.....≈≈≈≈≈.
##....≈.≈≈≈≈
##.....≈≈≈≈≈..
##.......≈≈≈≈...
##........≈≈≈....
#S.#.......≈≈...S
#r###...r..≈≈.r..
#@###......≈≈....
####.....≈≈≈≈..S#
##......≈≈≈≈.#
#.....≈.≈≈≈r.#
##......≈≈≈r≈..#
#.......≈≈≈≈≈≈..
#.......≈≈≈≈≈≈..
#.......≈≈≈≈≈...
##....≈≈≈≈≈≈≈...


You could see a river rat and a ball python.

Vanquished Creatures
  6 adders
  3 river rats (Sewer)
  5 worms
  3 dart slugs
  2 leopard geckos (D:1)
  6 orcs (D:3)
  3 ball pythons
  7 bats
  2 giant cockroaches (D:2)
  6 goblins
  8 hobgoblins
  6 frilled lizards
  14 kobolds
  17 rats
88 creatures vanquished.

Notes
Turn   | Place    | Note
-------+----------+-------------------------------------------
     0 | D:1      | AlterAsc the Draconian Transmuter began the quest for the
                  | Orb.
     0 | D:1      | Reached XP level 1. HP: 16/16 MP: 3/3
   222 | D:1      | Reached XP level 2. HP: 11/23 MP: 5/5
  1275 | D:1      | Reached skill level 3 in Transmutations
  1408 | D:2      | Reached XP level 3. HP: 28/28 MP: 6/6
  1454 | D:2      | Found a hide-covered altar of Uskayaw.
  2619 | D:3      | Found an iron altar of Okawaru.
  2640 | D:3      | Reached XP level 4. HP: 34/35 MP: 6/8
  2653 | D:3      | Learned a level 2 spell: Sticks to Snakes
  2938 | D:3      | Reached skill level 4 in Transmutations
  3238 | D:3      | Found a glowing drain.
  3241 | D:3      | Noticed a centaur
  3248 | Sewer    | Entered a sewer
  3560 | Sewer    | Reached XP level 5. HP: 33/40 MP: 7/9
  4121 | Sewer    | HP: 2/40 [river rat (4)]
  4124 | Sewer    | Slain by a river rat

Levels and vault maps discovered:
D:1:      minmay_arrival_shattered_statue, layout_basic
D:2:      layout_basic, nicolae_overflow_crystal_walls, minmay_quadrilaterals
D:3:      layout_basic, lemuel_doored_altar,
          chequers_temple_overflow_minitemple, cheibrodos_sewer_entry_sluice,
          mrwooster_statue_mirror
Sewer:    sewer_minmay_treatment

Skill      XL: |  1  2  3  4 |
---------------+-------------+-----
Transmutations | 3 4 |  4.7
Spellcasting   | 3 |  3.3
Fighting       | |  1.1
Dodging        | |  1.8
Unarmed Combat | |  3.0

Action                   |  1- 3 |  4- 6 || total
-------------------------+-------+-------++-------
Melee: Unarmed           |   164 |   202 ||   366
       Kick              |    16 |     5 ||    21
       Tailslap          |    10 |    20 ||    30
       Punch             |     3 |     1 ||     4
       Headbutt          |     3 |     9 ||    12
Throw: Dart              |     5 |       ||     5
 Cast: Beastly Appendage |    23 |    10 ||    33
  Eat: Chunk             |     6 |     5 ||    11
Armor: Skin              |    47 |    63 ||   110
Dodge: Dodged            |    84 |   138 ||   222
